 Dungeon Crawl Stone Soup version 0.31-a0-408-gb642c7f9a3 (webtiles) character file.

Game seed: 2048163281266648303

0 Flugkiller the Ruffian (level 1, -2/15 HPs)
             Began as a Demonspawn Shapeshifter on July 29, 2023.
             Slain by a kobold
             ... wielding a +0 dagger
              (3 damage)
             ... on level 1 of the Dungeon.
             The game lasted 00:00:07 (30 turns).

Flugkiller the Ruffian (Demonspawn Shapeshifter)      Turns: 30, Time: 00:00:07

Health: -2/15      AC:  2    Str: 15    XL:     1   Next: 8%
Magic:  1/1        EV: 12    Int:  9    God:
Gold:   0          SH:  0    Dex: 13    Spells: 0/0 levels left

rFire   . .          .
                       - Unarmed
rCold   . . .        (no shield)
rNeg    . . .        a - +0 animal skin
rPois   .            (helmet currently unavailable)
rElec   .            (cloak currently unavailable)
rCorr   .            (gloves currently unavailable)
SInv    .            (boots currently unavailable)
Will    .....        (no amulet)
Stlth   +            (no ring)
HPRegen 0.22/turn    (no ring)
MPRegen 0.07/turn

%: no passive effects
@: beast-form
A: beast (slay +1)
a: Begin Untransformation


You were on level 1 of the Dungeon.
You were a hulking beast.
You visited 1 branch of the dungeon, and saw 1 of its levels.

Inventory:

Armour
 a - a +0 animal skin (worn)
Talismans
 c - a beast talisman
Potions
 b - a potion of lignification


   Skills:
 + Level 1.0 Fighting
 - Level 1.7 Dodging
 + Level 2.7 Unarmed Combat
 * Level 2.7 Shapeshifting


You couldn't memorise any spells.
You didn't know any spells.
Your spell library was empty.

Dungeon Overview and Level Annotations

Branches:
Dungeon (1/15) Zot: 5966

Altars:


Message History

Welcome, Flugkiller the Demonspawn Shapeshifter.
If you return without finding the Orb of Zot, so far below, it's all over!
Press ? for a list of commands and other information.
Found a staircase leading out of the dungeon.
You enter the shallow water.
Moving in this stuff is going to be slow.
A kobold comes into view. It is wielding a +0 whip.
A kobold is nearby!
A kobold is nearby!
The kobold throws a stone.
The stone barely misses you. The kobold hits you but does no damage.
You hit the kobold but do no damage. The kobold hits you with a +0 whip.
You hit the kobold but do no damage. The kobold closely misses you.
You closely miss the kobold. The kobold hits you with a +0 whip.
You hit the kobold.
The kobold is severely wounded.
The kobold closely misses you.
You hit the kobold.
You kill the kobold!
No target in view!
No target in view!
Things that are here:
a +0 whip; 3 stones; a kobold corpse A hobgoblin comes into view.
The hobgoblin shouts!
A hobgoblin is nearby!
A hobgoblin is nearby!
A kobold comes into view. It is wielding a +0 dagger.
The kobold shouts!
A goblin comes into view. It is wielding a +0 club.
A quokka comes into view.
The hobgoblin closely misses you.
You barely miss the hobgoblin. You barely miss the hobgoblin.
The hobgoblin hits you but does no damage.
You hit the hobgoblin but do no damage.
A goblin comes into view. It is wielding a +0 club.
The hobgoblin misses you. The quokka bites you.
The goblin shouts! x2
You hit the hobgoblin.
The hobgoblin is moderately wounded.
The quokka bites you. The hobgoblin hits you.
* * * LOW HITPOINT WARNING * * *
A dart slug comes into view.
You are too injured to fight recklessly!
Unknown command.
The quokka bites you.
* * * LOW HITPOINT WARNING * * *
The kobold hits you with a +0 dagger.
You die...

♣~~~~~~~~~≈♣.# .#
♣~~~~~~~~~≈♣.####.#
♣~~~~<~~~~≈♣...)..#
♣≈~~~~~~~~~≈♣###.###
♣♣~~~~~~~~~♣♣##..#
.~~≈♣♣≈♣♣♣≈♣~~.#.##
..~ ♣♣ ♣♣♣~..#.# ..
. #..#.# . . ...
#h..##...
.....##.K.......
.......rg..g.w..
...............g
##.........#....
#.....?#.#####.
#..##g..... ...
..###... .. ..# ....


You could see a dart slug, a quokka, a hobgoblin, 2 goblins and a kobold.

Vanquished Creatures
  A kobold (D:1)
1 creature vanquished.

Notes
Turn   | Place    | Note
-------+----------+-------------------------------------------
     0 | D:1      | Flugkiller the Demonspawn Shapeshifter began the quest for
                  | the Orb.
     0 | D:1      | Reached XP level 1. HP: 15/15 MP: 1/1
    30 | D:1      | Slain by a kobold

Illustrated notes

Levels and vault maps discovered:
D:1:      reono_arrival_forest_river, layout_rooms, serial_park_tiny_1,
          minmay_pentomino_v4

Action                     || total
---------------------------++-------
  Melee: Unarmed           ||     9
 Armour: Animal skin       ||     2
  Dodge: Dodged            ||     5

Table legend: (Time is in decaauts)
 A = Elapsed time spent in this place.
 B = Non-inter-level travel time spent in this place.
 C = Inter-level travel time spent in this place.
 D = Time resting spent in this place.
 E = Time spent auto-exploring this place.
 F = Levels seen in this place.
 G = Mean time per level.
                   A        B        C        D        E       F      G
               +--------+--------+--------+--------+--------+-----+--------+
         Total |     32 |     32 |      0 |      0 |     16 |   1 |   32.0 |
       Dungeon |     32 |     32 |      0 |      0 |     16 |   1 |   32.0 |
               +--------+--------+--------+--------+--------+-----+--------+

Top non-repeatable levels by time:
     D:1: 32 daAuts
